 Dungeon Crawl Stone Soup version 0.21.1-1-g345015fe64 (webtiles) character file.

2802 Kohma the Jinx (level 9, 0/39 HPs)
             Began as a Vine Stalker Enchanter on June 16, 2018.
             Was a Follower of Uskayaw.
             Killed from afar by Hawk2021's ghost (30 damage)
             ... with a stone arrow
             ... on level 7 of the Dungeon.
             The game lasted 00:31:52 (8783 turns).

Kohma the Jinx (Vine Stalker Enchanter)             Turns: 8783, Time: 00:31:53

Health: 0/39       AC: 12    Str: 16    XL:     9   Next: 71%
Magic:  0/28       EV: 11    Int: 15    God:    Uskayaw [*.....]
Gold:   525        SH:  4    Dex: 15    Spells: 14/20 levels left

rFire    . . .     SeeInvis .   b - +2 whip (elec)
rCold    . . .     Gourm    +   C - +0 buckler
rNeg     . . .     Faith    .   w - +4 scale mail
rPois    .         Spirit   +   (no helmet)
rElec    .         Reflect  .   f - +0 cloak
rCorr    .         Harm     .   x - +0 pair of gloves
MR       +....                  (no boots)
Stlth    +.........             H - amulet of the gourmand
HPRegen  0.53/turn              q - ring of magical power
MPRegen  0.21/turn              e - +2 ring of strength

@: drained
A: fangs 3, regeneration 1, magic shield, antimagic bite, no potion heal 3, rot
immunity
a: Stomp, Renounce Religion


You were on level 7 of the Dungeon.
You worshipped Uskayaw.
Uskayaw was noncommittal.
You were completely stuffed.

You visited 2 branches of the dungeon, and saw 8 of its levels.

You collected 525 gold pieces.

Inventory:

Hand Weapons
 a - a +0 dagger of electrocution
 b - a +2 whip of electrocution (weapon)
 I - the cursed +1 hand crossbow of Hubris {velocity, Str+3 Stlth+, unknown}
   (You found it on level 7 of the Dungeon)

   Any bolt fired from it inflicts extra damage.
   It affects your strength (+3).
   It makes you more stealthy.
   It has a curse placed upon it.
Missiles
 t - 3 needles of frenzy
 F - 5 poisoned tomahawks (quivered)
Armour
 f - a +0 cloak (worn)
 h - a +2 large shield
 w - a +4 scale mail (worn)
 x - a +0 pair of gloves (worn)
 C - a +0 buckler (worn)
Jewellery
 e - a +2 ring of strength (right hand)
 q - a ring of magical power (left hand)
 s - a +2 ring of dexterity
 H - an amulet of the gourmand (around neck)
 K - an uncursed ring of flight
Wands
 m - a wand of flame (28)
 z - a wand of enslavement (2)
 A - a wand of paralysis (11)
Scrolls
 j - 2 scrolls of remove curse
 k - 4 scrolls of teleportation
 p - a scroll of blinking
 v - a scroll of fog
 y - 2 scrolls of fear
 G - a scroll of identify
Potions
 g - 3 potions of brilliance
 i - a potion of haste
 l - 3 potions of curing
 n - a potion of degeneration {unknown}
 o - 2 potions of resistance
 u - a potion of invisibility {unknown}
 B - a potion of flight {unknown}
 D - 2 potions of lignification {unknown}
 E - a potion of agility {unknown}
 L - a potion of heal wounds {unknown}
Books
 c - a book of Maledictions

   Spells                             Type                      Level
   a - Corona                         Hexes                        1
   b - Ensorcelled Hibernation        Hexes/Ice                    2
   c - Confuse                        Hexes                        3
   d - Tukima's Dance                 Hexes                        3
   e - Dazzling Spray                 Conjuration/Hexes            3
 r - a book of Necromancy

   Spells                             Type                      Level
   a - Pain                           Necromancy                   1
   b - Animate Skeleton               Necromancy                   1
   c - Vampiric Draining              Necromancy                   3
   d - Regeneration                   Charms/Necromancy            3
   e - Animate Dead                   Necromancy                   4
   f - Borgnjor's Vile Clutch         Necromancy/Earth             5
 J - a book of Changes

   Spells                             Type                      Level
   a - Beastly Appendage              Transmutation                1
   b - Sticks to Snakes               Transmutation                2
   c - Spider Form                    Transmutation/Poison         3
   d - Ice Form                       Ice/Transmutation            4
   e - Blade Hands                    Transmutation                5
Comestibles
 d - 13 rations
 M - 2 chunks of flesh


   Skills:
 + Level 5.2 Short Blades
 + Level 5.0(4.9) Dodging
 - Level 4.0(3.9) Stealth
 + Level 1.2 Shields
 + Level 6.1(6.0) Spellcasting
 * Level 8.7 Hexes


You had 14 spell levels left.
You knew the following spells:

 Your Spells              Type           Power        Failure   Level  Hunger
a - Corona                Hex            ####...      2%          1    None
b - Ensorcelled Hibernat  Hex/Ice        ###...       21%         2    #......
c - Confuse               Hex            ####....     7%          3    ##.....


Dungeon Overview and Level Annotations

Branches:
Dungeon (7/15)             Temple (1/1) D:6

Altars:
Dithmenos
Elyvilon
Gozag
Makhleb
Nemelex Xobeh
Ru
Sif Muna
Uskayaw
Vehumet
Xom

Annotations:
D:7 Hawk2021's ghost, novice GrEE


Innate Abilities, Weirdness & Mutations

You have razor-sharp teeth.
Your natural rate of healing is unusually fast.
When hurt, damage is shared between your health and your magic reserves.
Your bite disrupts and absorbs the magic of your enemies.
Potions cannot restore your health.
You are immune to rotting.


Message History

Hawk2021's ghost hits you but does no damage.
You hit Hawk2021's ghost but do no damage.
You bite Hawk2021's ghost, but do no damage.
Hawk2021's ghost is lightly damaged.
Hawk2021's ghost stops glowing.
You hit Hawk2021's ghost but do no damage.
Your bite misses Hawk2021's ghost.
Hawk2021's ghost is lightly damaged.
Hawk2021's ghost hits you.
You hit Hawk2021's ghost but do no damage.
Your bite misses Hawk2021's ghost.
Hawk2021's ghost is lightly damaged.
Hawk2021's ghost completely misses you.
Your +0 dagger of electrocution stops crackling.
You hear the crackle of electricity.
b - a +2 whip of electrocution (weapon)
Hawk2021's ghost points at you and mumbles some strange words.
The stone arrow hits you!
Ouch! That really hurt!
You die...

...# .#
#........[........#
####
#..##.....#########
####..###.........
#####
#....(..###..#####
.....
#.##..#.###..#####
##### #.
#..#..W........
###.##..#####W.#####
#.......# #..#
#......@#####....
#.......W........#
#.....#.####.......
#.....#.# .......
#.#.#.#.. ......#
#.#.#.#### . ....
###### # ......


You could see Hawk2021's ghost.

Vanquished Creatures
  The ghost of Eurus the Insei, an amateur DsTm of Ashenzari (D:4)
  2 phantoms
  A sky beast (D:7)
  An ice beast (D:5)
  An orc warrior (D:6)
  2 ogres
  A centaur (D:5)
  2 big kobolds
  5 bullfrogs
  A water moccasin skeleton (D:4)
  A scorpion (D:6)
  9 wights
  2 crimson imps (D:5)
  A bullfrog skeleton (D:5)
  3 hounds
  3 orc priests
  Crazy Yiuf (D:3)
  A centaur skeleton (D:4)
  2 iguanas
  6 orc wizards
  7 worker ants
  Ijyb (D:3)
  A hound skeleton (D:6)
  A hound zombie (D:6)
  4 adders
  A howler monkey skeleton (D:4)
  A shadow imp (D:6)
  2 adder zombies
  4 adder skeletons
  2 worms (D:4)
  4 leopard geckos
  30 orcs
  2 ball pythons
  4 giant cockroaches
  13 goblins
  13 hobgoblins
  11 jackals
  3 quokkas
  10 bats
  3 frilled lizards
  24 kobolds
  7 rats
194 creatures vanquished.

Vanquished Creatures (others)
  A plant (D:4)
1 creature vanquished.

Grand Total: 195 creatures vanquished

Notes
Turn   | Place    | Note
-------+----------+-------------------------------------------
     0 | D:1      | Kohma the Vine Stalker Enchanter began the quest for the Orb.
     0 | D:1      | Reached XP level 1. HP: 9/9 MP: 4/4
   153 | D:1      | Reached skill level 1 in Short Blades
   246 | D:1      | Reached XP level 2. HP: 6/13 MP: 6/6
   371 | D:1      | Learned a level 2 spell: Ensorcelled Hibernation
   942 | D:2      | Reached XP level 3. HP: 14/16 MP: 7/7
  1581 | D:2      | Found a sparkling altar of Nemelex Xobeh.
  1668 | D:2      | Gained mutation: Your natural rate of healing is unusually fast. [Vine Stalker growth]
  1668 | D:2      | Reached XP level 4. HP: 20/21 MP: 5/8
  2338 | D:3      | Reached skill level 4 in Hexes
  2785 | D:3      | Found a runed door.
  2866 | D:3      | Noticed Ijyb
  2919 | D:3      | Killed Ijyb
  2919 | D:3      | Reached XP level 5. HP: 24/24 MP: 10/10
  3172 | D:3      | Learned a level 3 spell: Confuse
  3366 | D:3      | Noticed Crazy Yiuf
  3373 | D:3      | Killed Crazy Yiuf
  3425 | D:4      | Noticed an ogre
  3434 | D:4      | Killed an ogre
  3434 | D:4      | Reached XP level 6. HP: 20/28 MP: 11/11
  3489 | D:4      | Reached skill level 5 in Hexes
  3811 | D:4      | Noticed Eurus's ghost (amateur DsTm)
  3815 | D:4      | Found a deep blue altar of Sif Muna.
  3850 | D:4      | Killed Eurus's ghost
  3850 | D:4      | Reached XP level 7. HP: 28/32 MP: 13/13
  4443 | D:4      | Found a sparkling altar of Nemelex Xobeh.
  4481 | D:4      | Reached skill level 6 in Hexes
  4808 | D:5      | Entered Level 5 of the Dungeon
  5014 | D:5      | Gained mutation: You have razor-sharp teeth. [Vine Stalker growth]
  5014 | D:5      | Reached XP level 8. HP: 36/36 MP: 15/15
  5253 | D:5      | Found a sacrificial altar of Ru.
  5253 | D:5      | Found a faded altar of an unknown god.
  5259 | D:5      | Found a faded altar of an unknown god.
  5261 | D:5      | Found a burning altar of Makhleb.
  5269 | D:5      | Found an opulent altar of Gozag.
  5310 | D:5      | Found a white marble altar of Elyvilon.
  5500 | D:5      | Reached skill level 7 in Hexes
  5691 | D:6      | Reached skill level 5 in Spellcasting
  5737 | D:6      | Found a radiant altar of Vehumet.
  6217 | D:6      | Reached XP level 9. HP: 31/39 MP: 18/18
  7495 | D:6      | Reached skill level 8 in Hexes
  7719 | D:6      | Got a dazzling ring mail
  7890 | D:6      | Found a staircase to the Ecumenical Temple.
  7898 | Temple   | Entered the Ecumenical Temple
  7904 | Temple   | Became a worshipper of Uskayaw the Reveler
  7944 | D:6      | Reached * piety under Uskayaw
  8035 | D:5      | Reached skill level 5 in Short Blades
  8141 | D:5      | Identified the cursed +0 ring mail "Bumoel" {+Blink} (You found it on level 6 of the Dungeon)
  8297 | D:6      | Found a shadowy altar of Dithmenos.
  8421 | D:7      | Reached ** piety under Uskayaw
  8451 | D:7      | Got an ichor-stained hand crossbow
  8465 | D:7      | Found a shimmering altar of Xom.
  8555 | D:7      | Reached skill level 1 in Shields
  8555 | D:7      | Reached *** piety under Uskayaw
  8563 | D:7      | Reached **** piety under Uskayaw
  8582 | D:7      | Reached skill level 5 in Dodging
  8719 | D:7      | Noticed Hawk2021's ghost (novice GrEE)
  8783 | D:7      | Killed from afar by Hawk2021's ghost

Skill      XL: |  1  2  3  4  5  6  7  8  9 |
---------------+----------------------------+-----
Short Blades   | 1 2 3 4 5 |  5.2
Stealth        | 4 |  4.0
Dodging        | 2 3 4 5 |  5.0
Hexes          | 4 5 6 7 8 |  8.7
Spellcasting   | 3 4 5 6 |  6.1
Shields        | 1 |  1.2

Action                   |  1- 3 |  4- 6 |  7- 9 || total
-------------------------+-------+-------+-------++-------
Melee: Dagger            |   121 |   138 |   340 ||   599
       Bite              |    18 |    44 |   144 ||   206
       Whip              |       |    28 |   139 ||   167
 Cast: Corona            |     6 |     1 |     2 ||     9
       Ensorcelled Hiber |     1 |     9 |    55 ||    65
       Confuse           |       |     1 |    12 ||    13
  Use: Scroll            |       |    10 |     9 ||    19
 Stab: Sleeping          |     6 |     6 |    18 ||    30
       Confused          |       |       |     2 ||     2
  Eat: Chunk             |     2 |     8 |    30 ||    40
       Ration            |       |       |     1 ||     1
Armor: Ring mail         |    73 |    13 |       ||    86
       Scale mail        |       |    78 |   210 ||   288
Dodge: Dodged            |    85 |    95 |   249 ||   429
Block: Buckler           |       |       |    19 ||    19
